 Dungeon Crawl Stone Soup version 0.29-a0-340-g6efceafd81 (webtiles) character file.

Game seed: 4059696932196625179

827 rabbitsville the Bolt Thrower (level 7, 0/44 HPs)
             Began as a Gargoyle Hunter on Apr 19, 2022.
             Slain by an orc warrior
             ... wielding a +1 short sword of speed
              (11 damage)
             ... on level 6 of the Dungeon.
             The game lasted 00:14:18 (5324 turns).

rabbitsville the Bolt Thrower (Gargoyle Hunter)     Turns: 5324, Time: 00:14:18

Health: 0/44       AC: 11    Str: 15    XL:     7   Next: 97%
Magic:  20/20      EV: 11    Int: 11    God:
Gold:   226        SH:  0    Dex: 13    Spells: 12/12 levels left

rFire   . . .      SeeInvis .   b - +2 dagger (vamp)
rCold   . . .      Faith    .   (no shield)
rNeg    + . .      Spirit   .   u - +0 leather armour
rPois   ∞          Reflect  .   n - +0 helmet
rElec   +          Harm     .   (no cloak)
rCorr   .          Rampage  .   (no gloves)
Will    +....                   w - +2 pair of boots
Stlth   +.........              (no amulet)
HPRegen 0.14/turn               l - ring of willpower
MPRegen 0.17/turn               g - ring of magical power

@: no status effects
A: sickness immunity, AC +4, negative energy resistance 1, electricity
resistance, torment resistance 1, petrification resistance
a: no special abilities


You were on level 6 of the Dungeon.
You visited 1 branch of the dungeon, and saw 6 of its levels.

You collected 226 gold pieces.

Inventory:

Hand Weapons
 a - a +1 hand crossbow
 b - a +2 vampiric dagger (weapon)
 C - a +0 dagger of holy wrath
Missiles
 f - 223 stones
Armour
 n - a +0 helmet (worn)
 u - a +0 leather armour (worn)
 w - a +2 pair of boots (worn)
Jewellery
 e - a ring of flight
 g - a ring of magical power (right hand)
 l - a ring of willpower (left hand)
 p - a ring of resist corrosion
Wands
 E - a wand of polymorph (7)
Scrolls
 c - a scroll of immolation
 d - 3 scrolls of identify {unknown}
 h - 3 scrolls of magic mapping {unknown}
 i - 3 scrolls of blinking {unknown}
 j - a scroll of holy word {unknown}
 k - 4 scrolls of teleportation {unknown}
 m - a scroll of fog {unknown}
 r - a scroll of brand weapon {unknown}
 v - a scroll of vulnerability {unknown}
 y - 2 scrolls of amnesia {unknown}
Potions
 o - a potion of mutation {unknown}
 q - 3 potions of flight {unknown}
 s - a potion of ambrosia {unknown}
 t - a potion of degeneration {unknown}
 x - a potion of attraction {unknown}
 z - 2 potions of berserk rage {unknown}
 A - a potion of heal wounds
 B - a potion of lignification {unknown}
 D - 2 potions of cancellation {unknown}
 F - 2 potions of brilliance {unknown}


   Skills:
 - Level 5.5 Fighting
 * Level 6.9 Crossbows
 - Level 1.5 Dodging
 - Level 1.1 Stealth
 + Level 3.3 Spellcasting
 + Level 1.9 Poison Magic


You had 12 spell levels left.
You didn't know any spells.
Your spell library contained the following spells:

 Spells                   Type           Power      Damage    Failure   Level
 Animate Skeleton         Necr           2%         N/A       32%         1
 Apportation              Tloc           2%         N/A       32%         1
 Pain                     Necr           4%         1d4       32%         1
 Summon Small Mammal      Summ           4%         N/A       32%         1
 Static Discharge         Conj/Air       1%         N/A       43%         2
 Ignite Poison            Fire/Tmut/Pois 3%         N/A       58%         3
 Mephitic Cloud           Conj/Pois/Air  3%         N/A       58%         3
 Vampiric Draining        Necr           1%         2d6       67%         3
 Freezing Cloud           Conj/Ice/Air   0%         6-21      100%        5
 Lightning Bolt           Conj/Air       0%         1d11      100%        5
 Maxwell's Capacitive Co  Air            0%         ∞         100%        8


Dungeon Overview and Level Annotations

Branches:
Dungeon (6/15)
 Temple: D:4-7

Altars:
Gozag
Kikubaaqudgha
Nemelex Xobeh
Okawaru
Ru
Sif Muna


Innate Abilities, Weirdness & Mutations

You are immune to sickness and miasma.
Your stone body is resilient. (AC +4)
You are immune to poison.
You resist negative energy. (rN+)
You are resistant to electric shocks. (rElec)
You are resistant to unholy torment.
You are immune to petrification.


Message History

The bolt hits the orc!
You kill the orc!
The orc warrior hits you with a +1 short sword of speed!
You shoot a bolt.
The bolt closely misses the orc warrior.
The orc warrior hits you but does no damage.
The orc warrior barely misses you.
You shoot a bolt.
The bolt hits the orc warrior but does no damage.
The orc warrior hits you but does no damage.
The orc warrior hits you with a +1 short sword of speed!
You feel a sense of dread.
b - a +2 vampiric dagger (weapon)
The orc warrior misses you.
You barely miss the orc warrior.
The orc warrior hits you but does no damage. x2
You hit the orc warrior but do no damage.
The orc warrior hits you with a +1 short sword of speed.
You hit the orc warrior but do no damage.
The orc warrior misses you. The orc warrior barely misses you.
You hit the orc warrior but do no damage.
The orc warrior barely misses you.
You hit the orc warrior but do no damage.
The orc warrior hits you with a +1 short sword of speed.
* * * LOW HITPOINT WARNING * * *
You barely miss the orc warrior. The orc warrior closely misses you. x2
You hit the orc warrior but do no damage.
The orc warrior hits you but does no damage. x2
You hit the orc warrior.
You feel better.
The orc warrior is lightly wounded.
The orc warrior closely misses you.
You hit the orc warrior but do no damage.
The orc warrior is lightly wounded.
The orc warrior hits you but does no damage.
You hit the orc warrior.
The orc warrior is moderately wounded.
The orc warrior hits you with a +1 short sword of speed.
* * * LOW HITPOINT WARNING * * *
The orc warrior hits you with a +1 short sword of speed!
You die...

####
###########...#
#.............#
#.........<...#
#.............#
#....@........#
##.##o#####..[#
.. ...# ...# ##
.#.). ...# .
##.# ..... ...
#.... #.# #.#


You could see an orc warrior.

Vanquished Creatures
  An ice beast (D:5)
  A black bear (D:5)
  A centaur (D:5)
  2 scorpions (D:5)
  2 hounds
  A jelly (D:4)
  2 orc priests (D:3)
  An iguana (D:5)
  4 orc wizards
  3 gnolls (D:5)
  4 adders
  An ufetubus (D:4)
  2 worms
  6 dart slugs
  15 orcs
  6 ball pythons
  7 endoplasms
  A giant cockroach (D:3)
  5 goblins
  5 hobgoblins
  4 jackals
  11 kobolds
  2 quokkas
  5 bats
  A frilled lizard (D:3)
  2 rats
95 creatures vanquished.

Notes
Turn   | Place    | Note
-------+----------+-------------------------------------------
     0 | D:1      | rabbitsville the Gargoyle Hunter began the quest for the
                  | Orb.
     0 | D:1      | Reached XP level 1. HP: 12/12 MP: 1/1
   190 | D:1      | Reached XP level 2. HP: 18/18 MP: 1/2
  1189 | D:2      | Reached XP level 3. HP: 23/23 MP: 3/3
  1833 | D:3      | Found a faded altar of an unknown god.
  1884 | D:3      | Reached skill level 1 in Spellcasting
  1884 | D:3      | Reached XP level 4. HP: 19/28 MP: 5/5
  1904 | D:3      | Reached skill level 5 in Crossbows
  2201 | D:3      | Reached XP level 5. HP: 33/33 MP: 6/6
  2348 | D:3      | Found a sparkling altar of Nemelex Xobeh.
  2353 | D:3      | Found an ancient bone altar of Kikubaaqudgha.
  2418 | D:3      | Found an iron altar of Okawaru.
  2715 | D:3      | HP: 1/34 [orc/+0 hand axe (2)]
  3009 | D:4      | Reached XP level 6. HP: 33/39 MP: 8/8
  3293 | D:4      | Found a sacrificial altar of Ru.
  3702 | D:4      | Reached skill level 5 in Fighting
  3762 | D:4      | Found an opulent altar of Gozag.
  3890 | D:5      | Entered Level 5 of the Dungeon
  3924 | D:5      | HP: 2/40 [centaur/arrow (12)]
  3956 | D:5      | Noticed an ice beast
  3979 | D:5      | HP: 2/40 [ice beast (10)]
  3985 | D:5      | Killed an ice beast
  3986 | D:5      | Reached skill level 6 in Crossbows
  3986 | D:5      | Reached XP level 7. HP: 10/44 MP: 10/10
  4478 | D:5      | Found a shimmering blue altar of Sif Muna.
  5053 | D:5      | Reached skill level 1 in Poison Magic
  5324 | D:6      | Slain by an orc warrior

Illustrated notes

Levels and vault maps discovered:
D:1:      pf_arrival_petrified_forest, layout_loops_ring
D:2:      layout_basic, minmay_tromino_v4_b
D:3:      layout_loops_cross, okawaru_ov_weapons_minmay, minitemple,
          chequers_ecumenical_altar_simple, hangedman_decor_riveting
D:4:      kb_forest_paths, layout_basic, nicolae_ru_awakened_eye,
          nicolae_gozag_cash_rules_everything_around_me, minivault_4,
          kennysheep_path_1, minmay_misc_feat_square, kennysheep_generic_room_9
D:5:      layout_loops_cross, led_sif_book
D:6:      layout_rooms, chequers_avenue

Skill      XL: |  1  2  3  4  5  6  7 |
---------------+----------------------+-----
Fighting       | 3 4 5 |  5.5
Spellcasting   | 1 2 3 |  3.3
Crossbows      | 5 6 |  6.9
Poison Magic   | 1 |  1.9
Dodging        | |  1.5
Stealth        | |  1.1

Action                   |  1- 3 |  4- 6 |  7- 9 || total
-------------------------+-------+-------+-------++-------
Melee: Dagger            |       |    17 |    10 ||    27
 Fire: Hand crossbow     |    68 |   204 |   111 ||   383
  Use: Potion            |       |     3 |       ||     3
Armor: Leather armour    |     8 |    50 |    33 ||    91
Dodge: Dodged            |     8 |    55 |    46 ||   109

Table legend: (Time is in decaauts)
 A = Elapsed time spent in this place.
 B = Non-inter-level travel time spent in this place.
 C = Inter-level travel time spent in this place.
 D = Time resting spent in this place.
 E = Time spent auto-exploring this place.
 F = Levels seen in this place.
 G = Mean time per level.
                   A        B        C        D        E       F      G
               +--------+--------+--------+--------+--------+-----+--------+
         Total |   5415 |   5319 |     96 |    726 |   3688 |   6 |  902.5 |
       Dungeon |   5415 |   5319 |     96 |    726 |   3688 |   6 |  902.5 |
               +--------+--------+--------+--------+--------+-----+--------+

Top non-repeatable levels by time:
     D:5: 1430 daAuts
     D:3: 1143 daAuts
     D:4: 963 daAuts
     D:1: 957 daAuts
     D:2: 891 daAuts
     D:6: 28 daAuts
